 Dungeon Crawl Stone Soup version 0.30-b1-2-g02819fbbbe (webtiles) character file.

Game seed: 7377007433566140336

137 sanka the Trooper (level 4, -3/40 HPs)
             Began as a Demigod Enchanter on May 17, 2023.
             Slain by an ogre
             ... wielding a +0 giant spiked club
              (18 damage)
             ... on level 4 of the Dungeon.
             The game lasted 00:03:50 (2823 turns).

sanka the Trooper (Demigod Enchanter)               Turns: 2823, Time: 00:03:51

Health: -3/40      AC:  5    Str:  9    XL:     4   Next: 69%
Magic:  9/9        EV: 13    Int: 17    God:
Gold:   189        SH:  0    Dex: 18    Spells: 6/6 levels left

rFire   + . .        b - +0 trident
rCold   . . .        (no shield)
rNeg    . . .        o - +1 robe {rF+}
rPois   .            (no helmet)
rElec   .            (no cloak)
rCorr   .            i - +0 pair of gloves
SInv    .            e - +0 pair of boots
Will    .....        (no amulet)
Stlth   ++           (no ring)
HPRegen 0.26/turn    (no ring)
MPRegen 0.11/turn

%: no passive effects
@: no status effects
A: high MP 1, forlorn, divine attributes
a: no special abilities


You were on level 4 of the Dungeon.
You visited 1 branch of the dungeon, and saw 4 of its levels.

You collected 189 gold pieces.

Inventory:

Hand Weapons
 a - a +1 dagger
 b - a +0 trident (weapon)
 f - a +1 heavy hand axe
Armour
 e - a +0 pair of boots (worn)
 i - a +0 pair of gloves (worn)
 o - a +1 robe of fire resistance (worn)
Jewellery
 d - a ring of resist corrosion
Wands
 l - a wand of acid (10)
Scrolls
 g - 4 scrolls of identify {unknown}
 h - a scroll of teleportation {unknown}
 j - 2 scrolls of enchant weapon {unknown}
 p - 3 scrolls of fog {unknown}
 q - a scroll of magic mapping {unknown}
Potions
 c - a potion of invisibility
 k - a potion of mutation {unknown}
 m - a potion of haste {unknown}
 n - a potion of brilliance {unknown}
 r - a potion of lignification {unknown}


   Skills:
 - Level 4.0 Fighting
 - Level 0.8 Short Blades
 + Level 2.3 Dodging
 - Level 2.6 Stealth
 - Level 1.7 Spellcasting
 - Level 2.6 Hexes


You had 6 spell levels left.
You didn't know any spells.
Your spell library contained the following spells:

 Spells                   Type           Power      Damage    Failure   Level
 Ensorcelled Hibernation  Hex/Ice        12%        N/A       17%         2
 Confusing Touch          Hex            10%        N/A       21%         3
 Tukima's Dance           Hex            10%        N/A       21%         3
 Dazzling Flash           Conj/Hex       12%        N/A       34%         3
 Cause Fear               Hex            5%         N/A       54%         4
 Anguish                  Hex/Necr       3%         N/A       75%         4
 Animate Dead             Necr           1%         N/A       89%         4
 Borgnjor's Vile Clutch   Necr/Erth      0%         N/A       99%         5
 Death Channel            Necr           0%         N/A       100%        6
 Enfeeble                 Hex            5%         N/A       100%        7


Dungeon Overview and Level Annotations

Branches:
Dungeon (4/15)
 Temple: D:4-7


Innate Abilities, Weirdness & Mutations

You have an increased reservoir of magic. (+10% MP)
You shall have no god before yourself.
Your divine heritage dramatically boosts your attributes as you level up.


Message History

Unknown command.
The jackal barely misses you.
The jackal bites you but does no damage.
The jackal attacks as you move away!
The jackal bites you but does no damage.
The jackal attacks as you move away! The jackal barely misses you.
The jackal bites you but does no damage.
The jackal attacks as you move away! The jackal bites you.
The jackal attacks as you move away! The jackal misses you.
The jackal bites you but does no damage.
You closely miss the jackal. The jackal closely misses you.
The jackal barely misses you.
You hit the jackal but do no damage. The jackal barely misses you.
The jackal closely misses you.
You barely miss the jackal. The jackal misses you.
The jackal barely misses you.
You hit the jackal.
The jackal is almost dead.
The jackal bites you but does no damage.
You hit the jackal.
You kill the jackal!
The jackal barely misses you.
You hit the jackal.
You kill the jackal!
Aiming: Corrosive Bolt
Press: ? - help, Shift-Dir - straight line, f - ogre
Aim: an ogre, wielding a +0 giant spiked club (86% to hit)
The bolt of acid hits the ogre!!
The acid corrodes the ogre!
The ogre is severely wounded.
The ogre hits you with a +0 giant spiked club!!
Ouch! That really hurt!
You are too injured to fight recklessly!
You are too injured to fight recklessly!
You hit the ogre.
The ogre is severely wounded.
The ogre barely misses you.
You puncture the ogre!
The ogre is almost dead.
The ogre hits you with a +0 giant spiked club!!
You die...

..#.! ##.#.#### ! . .
.....# .# ##..# #.#....
...#.... # #.#...##.#
.#.#.##.# #........
...#....#
##.####...#####.....##.#
............O@........##
##.####.#<#######.>.....
#.............#
###########...# ####.....#
#.##..####
####.##..#######.
.................
#############.....#######.


You could see an ogre (corroded).

Vanquished Creatures
  4 adders (D:2)
  2 worms (D:2)
  2 dart slugs (D:3)
  5 orcs
  A bat (D:2)
  5 endoplasms
  3 giant cockroaches
  8 goblins
  12 hobgoblins
  11 jackals
  2 quokkas
  10 ball pythons
  4 frilled lizards
  3 kobolds
  4 rats
76 creatures vanquished.

Notes
Turn   | Place    | Note
-------+----------+-------------------------------------------
     0 | D:1      | sanka the Demigod Enchanter began the quest for the Orb.
     0 | D:1      | Reached XP level 1. HP: 14/14 MP: 5/5
    41 | D:1      | Reached skill level 1 in Fighting
   186 | D:1      | Reached XP level 2. HP: 15/23 MP: 7/7
   260 | D:1      | Reached skill level 2 in Fighting
   734 | D:1      | Reached XP level 3. HP: 28/30 MP: 8/8
   837 | D:2      | Reached skill level 3 in Fighting
  1279 | D:2      | Reached XP level 4. HP: 30/38 MP: 9/9
  1950 | D:2      | Reached skill level 4 in Fighting
  2805 | D:4      | Noticed an ogre
  2823 | D:4      | Slain by an ogre

Illustrated notes

Levels and vault maps discovered:
D:1:      wander_arrival_lonely_grave, layout_loops_ring
D:2:      layout_loops_ring, basic_ecumenical_altar
D:3:      layout_basic, st_stairs_3, minmay_strange_pillars,
          hangedman_decor_slide_cut
D:4:      layout_basic

Skill      XL: |  1  2  3  4 |
---------------+-------------+-----
Fighting       | 1 2 3 4 |  4.0
Dodging        | 2 |  2.3
Short Blades   | |  0.8
Stealth        | |  2.6
Spellcasting   | |  1.7
Hexes          | |  2.6

Action                     |  1- 3 |  4- 6 || total
---------------------------+-------+-------++-------
  Melee: Dagger            |    44 |       ||    44
         Hand axe          |    92 |    44 ||   136
         Trident           |       |    41 ||    41
  Evoke: Wand              |       |     1 ||     1
    Use: Potion            |     2 |       ||     2
   Stab: Invisible         |     2 |       ||     2
         Sleeping          |     5 |     7 ||    12
 Armour: Robe              |    35 |    33 ||    68
  Dodge: Dodged            |   117 |    64 ||   181
